 Dungeon Crawl Stone Soup version 0.29.1-1-gd02db6906a (webtiles) character file.

Game seed: 3691252308750746237

185 VikingTomi89 the Chopper (level 5, 0/45 HPs)
             Began as a Minotaur Berserker on Oct 22, 2022.
             Was a Priest of Trog.
             Slain by a gnoll bouda
             ... wielding a +0 whip
              (5 damage)
             ... on level 3 of the Dungeon.
             The game lasted 00:09:59 (3562 turns).

VikingTomi89 the Chopper (Minotaur Berserker)       Turns: 3562, Time: 00:09:59

Health: 0/45       AC:  7    Str: 24    XL:     5   Next: 37%
Magic:  4/4        EV: 11    Int: 10    God:    Trog [***...]
Gold:   60         SH:  0    Dex:  9    Spells: 4/4 levels left

rFire   x . .      SeeInvis .   m - +9 hammer of the Apocalypse {spect, rF- rC+++ Int+6 Stlth-}
rCold   + + +      Faith    .   (no shield)
rNeg    . . .      Spirit   .   h - +0 ring mail
rPois   .          Reflect  .   (helmet restricted)
rElec   .          Harm     .   j - +0 cloak
rCorr   .          Rampage  .   (no gloves)
Will    .....                   (no boots)
Stlth   ..........              b - amulet of the acrobat
HPRegen 0.15/turn               (no ring)
MPRegen 0.09/turn               (no ring)

@: lethally poisoned (0 -> -20), weakened
A: horns 2, retaliatory headbutt
a: Renounce Religion, Berserk, Trog's Hand


You were on level 3 of the Dungeon.
You worshipped Trog.
Trog was most pleased with you.
You visited 1 branch of the dungeon, and saw 3 of its levels.

You collected 60 gold pieces.

Inventory:

Hand Weapons
 a - a +0 hand axe
 m - the +9 hammer of the Apocalypse (weapon) {spect, rF- rC+++ Int+6 Stlth-}
   (You found it on level 2 of the Dungeon)

   When its wielder attacks, the weapon's spirit leaps out and strikes again.
   The spirit shares a part of any damage it takes with its wielder.
   Int:       It affects your intelligence (+6).
   rF:        It makes you vulnerable to fire.
   rC:        It renders you almost immune to cold.
   Stlth:     It makes you less stealthy.
 n - a +2 quarterstaff of chaos
Missiles
 f - 28 stones (quivered)
Armour
 h - a +0 ring mail (worn)
 j - a +0 cloak (worn)
Jewellery
 b - an amulet of the acrobat (around neck)
Wands
 e - a wand of flame (29)
Scrolls
 c - a scroll of vulnerability
 d - 3 scrolls of teleportation
 g - a scroll of silence
 p - a scroll of identify
 q - a scroll of enchant armour {unknown}
 r - a scroll of magic mapping
Potions
 i - a potion of attraction {unknown}
 k - a potion of brilliance {unknown}
 l - a potion of magic {unknown}
 o - 2 potions of curing {unknown}


   Skills:
 - Level 3.6 Fighting
 * Level 6.4 Axes
 + Level 4.3 Armour
 - Level 2.1 Dodging


You had 4 spell levels left.
You didn't know any spells.
Your spell library was empty.

Dungeon Overview and Level Annotations

Branches:
Dungeon (3/15)

Altars:
Zin


Innate Abilities, Weirdness & Mutations

You have a pair of horns on your head.
You reflexively headbutt those who attack you in melee.


Message History

The gnoll is moderately wounded.
You feel sick. The gnoll completely misses you.
The gnoll hits you with a +0 spear. The gnoll misses you.
The gnoll barely misses you.
You thump the gnoll!
You kill the gnoll!
Trog accepts your kill.
You feel sick.
The gnoll hits you from afar with a +0 spear.
The gnoll barely misses you. x2
You closely miss the gnoll bouda. You headbutt the gnoll bouda.
The gnoll bouda is moderately wounded.
You feel sick.
You are no longer poisoned.
The gnoll bouda gazes fiercely through you!
You feel as though you will be weak longer.
The gnoll bouda barely misses you.
The gnoll hits you from afar with a +0 spear of venom.
You are poisoned.
The gnoll hits you from afar with a +0 spear.
The gnoll bouda barely misses you.
You closely miss the gnoll bouda.
The gnoll bouda is moderately wounded.
You feel very sick.
The gnoll hits you from afar with a +0 spear of venom!
* * * LOW HITPOINT WARNING * * *
You are lethally poisoned!
The gnoll barely misses you. The gnoll bouda closely misses you.
You sock the gnoll bouda!
You headbutt the gnoll bouda, but do no damage.
The gnoll bouda is severely wounded.
* * * LOW HITPOINT WARNING * * *
You feel very sick.
The gnoll is no longer moving quickly.
The gnoll hits you but does no damage.
You are more poisoned.
The gnoll barely misses you.
The gnoll bouda gazes fiercely through you!
You feel as though you will be weak longer.
The gnoll bouda hits you with a +0 whip.
You die...

#... .. # #..##.# .#
#... .##.# #######
#!.##...... ......#
#.###.......... ###
#.# ........#.... ..#
#.# #####K......PP.
#.# #.# #..@gg...#
#.###.#
#.###g#....P...
......#####
##.###.#.##.....
..#.......#
#).....#.# P...
.##.#####.#
#........# P.. .....#
#.# #.######## ..
#..### #.# #.# .## .
.....####.###.#...###
.##.##...............


You could see a gnoll bouda, 2 gnolls and a kobold.

Vanquished Creatures
  Crazy Yiuf (D:2)
  Robin (D:3)
  5 gnolls
  2 worms (D:2)
  5 ball pythons
  6 endoplasms
  11 giant cockroaches
  19 goblins
  2 hobgoblins (D:1)
  7 jackals
  3 kobolds
  4 quokkas
  9 bats
  4 frilled lizards
  4 rats
83 creatures vanquished.

Vanquished Creatures (others)
  12 plants
12 creatures vanquished.

Grand Total: 95 creatures vanquished

Notes
Turn   | Place    | Note
-------+----------+-------------------------------------------
     0 | D:1      | VikingTomi89 the Minotaur Berserker began the quest for the
                  | Orb.
     0 | D:1      | Reached XP level 1. HP: 19/19 MP: 0/0
    21 | D:1      | Reached skill level 4 in Axes
    21 | D:1      | Reached XP level 2. HP: 18/26 MP: 1/1
   505 | D:1      | Reached XP level 3. HP: 25/31 MP: 2/2
   702 | D:1      | Reached ** piety under Trog
  1265 | D:1      | Reached skill level 5 in Axes
  1831 | D:2      | Found a runed translucent door.
  1832 | D:2      | Noticed Crazy Yiuf
  1949 | D:2      | Reached XP level 4. HP: 34/39 MP: 3/3
  2456 | D:2      | Killed Crazy Yiuf
  2506 | D:2      | Identified the +9 hammer of the Apocalypse {spect, rF-
                  | rC+++ Int+6 Stlth-}
  3058 | D:3      | Identified the +7 spear of Elaalaplof {elec, rPois MP+9
                  | Str-5}
  3058 | D:3      | Noticed Robin
  3068 | D:3      | Reached skill level 6 in Axes
  3071 | D:3      | Reached *** piety under Trog
  3075 | D:3      | Reached XP level 5. HP: 25/45 MP: 4/4
  3078 | D:3      | Killed Robin
  3364 | D:3      | Found a glowing silver altar of Zin.
  3562 | D:3      | Slain by a gnoll bouda

Illustrated notes

Levels and vault maps discovered:
D:1:      dpeg_arrival_pits, layout_loops_ring, serial_forest,
          infiniplex_forest_clump_C, infiniplex_forest_end_3,
          infiniplex_forest_clump_large, infiniplex_forest_clump_small,
          infiniplex_forest_clump_C, infiniplex_forest_clump_double,
          minmay_bisected
D:2:      layout_basic, uniq_crazy_yiuf_cottage
D:3:      minmay_roachtagon, layout_loops_corners, zin_treasury,
          minmay_misc_feat_alley, nicolae_grassy_gnolls, uniq_robin

Skill      XL: |  1  2  3  4 |
---------------+-------------+-----
Axes           | 4 5 6 |  6.4
Armour         | 3 4 |  4.3
Fighting       | |  3.6
Dodging        | |  2.1

Action                   |  1- 3 |  4- 6 || total
-------------------------+-------+-------++-------
Melee: Hand axe          |    76 |    17 ||    93
       Headbutt          |     6 |     8 ||    14
       Mace              |       |    44 ||    44
       Punch             |       |     1 ||     1
Invok: Berserk           |     1 |     2 ||     3
  Use: Scroll            |     2 |     2 ||     4
Armor: Animal skin       |    16 |       ||    16
       Ring mail         |    10 |    36 ||    46
Dodge: Dodged            |    67 |    57 ||   124
